 Dungeon Crawl Stone Soup version 0.28-a0-932-g843f935a50 (webtiles) character file.

Game seed: 3222964245451674711

365 enile the Magician (level 6, 0/48 HPs)
             Began as a Mummy Cinder Acolyte on Nov 28, 2021.
             Was a High Priest of Ignis.
             Slain by a black bear (4 damage)
             ... on level 4 of the Dungeon.
             The game lasted 00:07:32 (4807 turns).

enile the Magician (Mummy Cinder Acolyte)           Turns: 4807, Time: 00:07:33

Health: 0/48       AC:  2    Str: 18    XL:     6   Next: 40%
Magic:  6/12       EV: 11    Int: 15    God:    Ignis [*****.]
Gold:   128        SH:  0    Dex:  7    Spells: 9/13 levels left

rFire   . . .      SeeInvis .   g - +2 dagger (venom)
rCold   + . .      Faith    .   (no shield)
rNeg    + + +      Spirit   .   b - +0 robe
rPois   ∞          Reflect  .   (no helmet)
rElec   .          Harm     .   (no cloak)
rCorr   .          Rampage  .   (no gloves)
Will    .....                   (no boots)
Stlth   +.........              (no amulet)
HPRegen 0.16/turn               (no ring)
MPRegen 0.13/turn               (no ring)

@: no status effects
A: cold resistance 1, negative energy resistance 3, torment resistance 2, heat
vulnerability 1, no potions
a: Renounce Religion, Fiery Armour, Foxfire Swarm, Rising Flame


You were on level 4 of the Dungeon.
You worshipped Ignis.
Ignis was extremely pleased with you.
You visited 1 branch of the dungeon, and saw 4 of its levels.

You collected 128 gold pieces.

Inventory:

Hand Weapons
 a - a -1 spear of flaming
 g - a +2 dagger of venom (weapon)
Armour
 b - a +0 robe (worn)
 h - a +0 ring mail
 n - a +0 chain mail
Magical Staves
 m - a staff of conjuration
Wands
 l - a wand of iceblast (7)
Scrolls
 c - a scroll of identify {unknown}
 d - 2 scrolls of vulnerability {unknown}
 e - 2 scrolls of noise {unknown}
 f - 2 scrolls of teleportation {unknown}
 i - a scroll of summoning {unknown}
 j - a scroll of silence {unknown}
 k - a scroll of fear {unknown}
 o - a scroll of magic mapping {unknown}
 p - a scroll of amnesia {unknown}


   Skills:
 - Level 4.0 Fighting
 - Level 2.0 Short Blades
 - Level 2.4 Polearms
 - Level 1.0 Dodging
 - Level 4.0 Spellcasting
 - Level 1.0 Summonings
 - Level 2.0 Necromancy
 + Level 3.4 Fire Magic


You had 9 spell levels left.
You knew the following spells:

 Your Spells              Type           Power      Damage    Failure   Level
a - Scorch                Fire           26%        2d6       7%          2
b - Animate Skeleton      Necr           18%        N/A       8%          1
c - Summon Small Mammal   Summ           24%        N/A       12%         1

Your spell library contained the following spells:

 Spells                   Type           Power      Damage    Failure   Level
 Apportation              Tloc           6%         N/A       19%         1


Dungeon Overview and Level Annotations

Branches:
Dungeon (4/15)
 Temple: D:4-7

Altars:
Dithmenos
Ru


Innate Abilities, Weirdness & Mutations

You are immune to poison.
Your flesh is cold resistant. (rC+)
You are immune to negative energy. (rN+++)
You are immune to unholy pain and torment.
You are vulnerable to heat. (rF-)
You do not drink.


Message History

The black bear closely misses you.
Your rat barely misses the black bear.
The black bear is no longer more vulnerable to fire.
The hound closely misses you.
You hit the black bear.
The black bear is poisoned.
The black bear is moderately wounded.
Your rat bites the hound.
The black bear bites you. The black bear closely misses you.
The black bear completely misses you.
You hit the black bear.
The black bear is heavily wounded.
Your rat bites the hound.
The black bear bites you. The black bear claws you.
The black bear claws you but does no damage.
Casting: Scorch (safe; 7% risk of failure)
Confirm with . or Enter, or press ? or * to list all spells.
Flames lash the black bear.
The black bear is severely wounded.
The black bear's fire resistance burns away.
The black bear bites you. The black bear claws you. x2
Your rat misses the hound.
Your rat bites the hound but does no damage.
The black bear bites you but does no damage.
The black bear barely misses you. The black bear claws you.
You hit the black bear but do no damage.
The black bear is severely wounded.
Your rat closely misses the hound.
The black bear goes berserk!
Casting: Scorch (safe; 7% risk of failure)
Confirm with . or Enter, or press ? or * to list all spells.
Flames lash the hound.
The hound is heavily wounded.
The hound's fire resistance burns away.
The black bear is no longer more vulnerable to fire.
The black bear closely misses you. The black bear claws you!
The black bear closely misses you.
Your rat closely misses the hound.
The black bear misses you. The black bear claws you.
* * * LOW HITPOINT WARNING * * *
The black bear claws you.
* * * LOW HITPOINT WARNING * * *
Your rat barely misses the hound.
The black bear bites you.
* * * LOW HITPOINT WARNING * * *
The black bear claws you.
You die...

######## #......# #.....# .
#.^....# #.....# ..#......#
#.....# .........# #.....#
.........# #.....# # #....r.###
#.....##### .....###hh.#
#......#... #.# ###@###
#......#[## #...######.##.#.#
###....###.##.#.# ..
####..........## ..##
####..†#.#### ............
##......##..
........).#.##########..#..#.....
._........#.......##...##.......#
#........##.....................#


You could see a black bear (berserk, very poisoned, ally target), a hound
(combustible) and a friendly rat (summoned).

Vanquished Creatures
  An ogre (D:3)
  A bullfrog (D:4)
  A scorpion (D:4)
  An orc wizard (D:3)
  5 adders
  2 dart slugs (D:1)
  5 orcs
  5 bats
  3 endoplasms
  4 giant cockroaches
  7 goblins
  5 hobgoblins
  8 jackals
  3 quokkas
  6 ball pythons
  6 frilled lizards (D:1)
  7 kobolds
  3 rats (D:1)
73 creatures vanquished.

Vanquished Creatures (collateral kills)
  An orc (D:3)
  An endoplasm (D:3)
  A jackal (D:2)
  A frilled lizard (D:3)
4 creatures vanquished.

Grand Total: 77 creatures vanquished

Notes
Turn   | Place    | Note
-------+----------+-------------------------------------------
     0 | D:1      | enile the Mummy Cinder Acolyte began the quest for the Orb.
     0 | D:1      | Reached XP level 1. HP: 18/18 MP: 2/2
   109 | D:1      | Reached XP level 2. HP: 13/24 MP: 5/5
   325 | D:1      | Learned a level 2 spell: Scorch
  1259 | D:1      | Reached XP level 3. HP: 27/29 MP: 7/7
  1509 | D:1      | Learned a level 1 spell: Animate Skeleton
  1511 | D:1      | Learned a level 1 spell: Summon Small Mammal
  1707 | D:2      | Found a shadowy altar of Dithmenos.
  1905 | D:2      | Reached skill level 1 in Short Blades
  1977 | D:2      | Reached skill level 1 in Necromancy
  2193 | D:2      | Reached XP level 4. HP: 27/35 MP: 3/8
  2394 | D:2      | Found a faded altar of an unknown god.
  2720 | D:3      | Noticed an ogre
  2728 | D:3      | Killed an ogre
  2729 | D:3      | Reached skill level 1 in Summonings
  2729 | D:3      | Reached XP level 5. HP: 41/41 MP: 6/11
  4227 | D:4      | Reached skill level 1 in Dodging
  4227 | D:4      | Reached XP level 6. HP: 41/48 MP: 7/12
  4526 | D:4      | Found a sacrificial altar of Ru.
  4807 | D:4      | Slain by a black bear

Illustrated notes

Levels and vault maps discovered:
D:1:      dpeg_arrival_signposts, layout_basic, minmay_pentomino_p2
D:2:      layout_loops_cross, basic_altar, dreamdust_ecumenical_altar_statues,
          dk_vineyard_1
D:3:      layout_basic
D:4:      layout_rooms, overflow_temple_1_default, minmay_goblin_kobold_house

Skill      XL: |  1  2  3  4  5  6 |
---------------+-------------------+-----
Spellcasting   | 2 3 4 |  4.0
Fire Magic     | 3 |  3.4
Short Blades   | 1 2 |  2.0
Necromancy     | 1 2 |  2.0
Summonings     | 1 |  1.0
Fighting       | 4 |  4.0
Dodging        | 1 |  1.0
Polearms       | |  2.4

Action                   |  1- 3 |  4- 6 || total
-------------------------+-------+-------++-------
Melee: Spear             |    45 |       ||    45
       Dagger            |    43 |    55 ||    98
 Cast: Scorch            |    20 |    27 ||    47
       Summon Small Mamm |     1 |    26 ||    27
       Animate Skeleton  |       |     2 ||     2
Armor: Robe              |    21 |    14 ||    35
Dodge: Dodged            |    55 |    46 ||   101

Table legend: (Time is in decaauts)
 A = Elapsed time spent in this place.
 B = Non-inter-level travel time spent in this place.
 C = Inter-level travel time spent in this place.
 D = Time resting spent in this place.
 E = Time spent auto-exploring this place.
 F = Levels seen in this place.
 G = Mean time per level.
                   A        B        C        D        E       F      G
               +--------+--------+--------+--------+--------+-----+--------+
         Total |   4801 |   4727 |     74 |    203 |   3981 |   4 | 1200.2 |
       Dungeon |   4801 |   4727 |     74 |    203 |   3981 |   4 | 1200.2 |
               +--------+--------+--------+--------+--------+-----+--------+

Top non-repeatable levels by time:
     D:1: 1639 daAuts
     D:3: 1478 daAuts
     D:2: 1070 daAuts
     D:4: 613 daAuts
